 Dungeon Crawl Stone Soup version 0.31.0-12-g77e489cdc1 (webtiles) character file.

Game seed: 17341661047741069840

3003 Janerl the Basher (level 9, -9/118 HPs)
             Began as a Minotaur Berserker on Feb 23, 2024.
             Was an Elder of Trog.
             Mangled by an orc warlord
             ... wielding a +10 battleaxe
              (25 damage)
             ... in a bailey.
             The game lasted 00:18:04 (6364 turns).

Janerl the Basher (Minotaur Berserker)              Turns: 6364, Time: 00:18:04

Health: -9/118     AC:  7    Str: 24    XL:     9   Next: 54%
Magic:  8/8        EV: 11    Int:  6    God:    Trog [****..]
Gold:   466        SH: 14    Dex: 10    Spells: 8/8 levels left

rFire   . . .        G - +4 war axe
rCold   . . .        m - +0 kite shield
rNeg    . . .        c - +0 ring mail
rPois   .            (helmet restricted)
rElec   .            (no cloak)
rCorr   .            (no gloves)
SInv    +            e - +0 pair of boots
Will    .....        j - amulet of reflection Stlth
                     b - ring of see invisible
HPRegen 0.39/turn    (no ring)
MPRegen 0.11/turn

%: reflection
@: berserking (expiring), very quick
A: horns 2, retaliatory headbutt
a: Renounce Religion, Berserk, Trog's Hand, Brothers in Arms


You were in a bailey.
You worshipped Trog.
Trog was greatly pleased with you.
You visited 1 branch of the dungeon, and saw 7 of its levels.
You also visited: Bailey.

You collected 466 gold pieces.

Inventory:

Hand Weapons
 d - a +0 mace of protection
 G - a +4 war axe (weapon)
Missiles
 f - 6 curare-tipped darts (quivered)
 B - 5 boomerangs
Armour
 c - a +0 ring mail (worn)
 e - a +0 pair of boots (worn)
 m - a +0 kite shield (worn)
Jewellery
 b - a ring of see invisible (left hand)
 j - an amulet of reflection (around neck)
Wands
 o - a wand of charming (17)
 p - a wand of digging (7)
Scrolls
 a - 4 scrolls of identify
 g - 3 scrolls of vulnerability
 i - 3 scrolls of enchant weapon {unknown}
 k - a scroll of silence {unknown}
 l - 6 scrolls of teleportation
 n - a scroll of poison {unknown}
 q - 2 scrolls of revelation
 r - 3 scrolls of immolation {unknown}
 t - a scroll of torment {unknown}
 v - 2 scrolls of enchant armour {unknown}
 y - a scroll of acquirement {unknown}
 D - a scroll of summoning {unknown}
 F - a scroll of fog {unknown}
Potions
 h - 2 potions of heal wounds
 s - a potion of brilliance {unknown}
 u - a potion of berserk rage {unknown}
 w - a potion of attraction {unknown}
 x - a potion of enlightenment {unknown}
 z - a potion of degeneration {unknown}
 A - a potion of haste {unknown}
 C - a potion of magic {unknown}
 E - 2 potions of might {unknown}


   Skills:
 + Level 7.2 Fighting
 + Level 9.9 Maces & Flails
 + Level 0.1 Throwing
 + Level 6.4 Armour
 + Level 5.8 Dodging
 + Level 1.2 Stealth
 + Level 7.2 Shields


You had 8 spell levels left.
You didn't know any spells.
Your spell library was empty.

Dungeon Overview and Level Annotations

Branches:
Dungeon (7/15)             Temple (0/1) D:5          Bailey (1/1)

Altars:
Gozag
Kikubaaqudgha
Nemelex Xobeh
Okawaru
Xom
Yredelemnul
The Shining One

Shops:
D:5 *   D:7 *

Annotations:
D:4 2 transporters, Gadfly's ghost, novice OnBe


Innate Abilities, Weirdness & Mutations

You have a pair of horns on your head.
You reflexively headbutt those who attack you in melee.


Message History

You kill the hobgoblin!
Trog accepts your kill.
You slice the orc warrior!!
You headbutt the orc warrior, but do no damage.
The orc warrior is heavily wounded.
The orc warrior hits you with a +0 hand axe!
You closely miss the orc warrior. Your headbutt misses the orc warrior.
The orc warrior is heavily wounded.
The orc warrior hits you with a +0 hand axe!
A red film seems to cover your vision as you go berserk!
You feel yourself moving faster!
You feel mighty!
The orc warlord hits you with a +10 battleaxe!!
You hit the orc warlord. You headbutt the orc warlord.
The orc warlord is lightly wounded.
You slash the orc warlord!
You headbutt the orc warlord, but do no damage.
The orc warlord is lightly wounded.
The orc warlord hits you with a +10 battleaxe!!
* * * LOW HITPOINT WARNING * * *
You slice the orc warlord!!
The orc warlord is moderately wounded.
The orc warrior no longer looks unusually strong.
The orc warlord roars a battlecry!
The orc warrior goes into a battle-frenzy!
You slice the orc warlord!!
The orc warlord is heavily wounded.
You block the orc warlord's attack.
You slash the orc warlord! You headbutt the orc warlord!
The orc warlord is heavily wounded.
You block the orc warlord's attack.
You hit the orc warlord but do no damage.
You headbutt the orc warlord!
The orc warlord is severely wounded.
You hit the orc warlord.
The orc warlord is severely wounded.
The orc warlord barely misses you.
You slash the orc warlord! Your headbutt misses the orc warlord.
The orc warlord is severely wounded.
The orc warlord hits you with a +10 battleaxe!!
You die...

.........#...........#
.........#...........#
........###.......).###
#.....###.###.....#)#.###
###.###
...###.###)[...### ..###
.... ###.........## ...#
..... #8..........# ...#
....go#8..........# ...#
....ooo@....⌠....∩# ...#
....go#8..........# ...#
....o #8..........# ..##
.... ##.........## ###
... ###.....### # .#
#+#.### ###


You could see an orc warlord, 4 orc warriors, a gnoll, an orc (strong) and a
goblin.

Vanquished Creatures
  Sigmund (D:3)
  A wyvern (D:7)
  Duvessa (D:5)
  A water moccasin (D:6)
  3 ice beasts
  A sky beast (D:7)
  8 orc warriors (Bailey)
  2 ogres (D:5)
  Blork the orc (D:4)
  A bullfrog (D:7)
  3 scorpions
  Dowan (D:5)
  3 bombardier beetles
  4 hounds
  A sleepcap (D:6)
  Crazy Yiuf (D:2)
  Jessica (D:3)
  4 iguanas
  3 orc wizards
  Natasha (thrice) (D:4)
  Robin (D:3)
  10 gnolls
  8 adders
  A shadow imp (D:6)
  4 white imps
  A ribbon worm (D:3)
  3 dart slugs
  8 orcs
  2 ball pythons
  4 bats
  3 endoplasms
  6 giant cockroaches
  14 hobgoblins
  9 kobolds
  4 quokkas
  A frilled lizard (D:3)
  23 goblins
  4 rats
150 creatures vanquished.

Notes
Turn   | Place    | Note
-------+----------+-------------------------------------------
     0 | D:1      | Janerl the Minotaur Berserker began the quest for the Orb.
     0 | D:1      | Reached XP level 1. HP: 19/19 MP: 0/0
    56 | D:1      | Reached skill level 4 in Maces & Flails
    56 | D:1      | Reached XP level 2. HP: 27/27 MP: 1/1
   493 | D:2      | Reached XP level 3. HP: 22/34 MP: 2/2
   666 | D:2      | Found a runed translucent door.
   667 | D:2      | Noticed Crazy Yiuf
   955 | D:2      | Reached ** piety under Trog
  1282 | D:2      | Killed Crazy Yiuf
  1283 | D:2      | Reached XP level 4. HP: 41/41 MP: 3/3
  1404 | D:3      | Reached skill level 5 in Maces & Flails
  1657 | D:3      | Reached XP level 5. HP: 47/47 MP: 4/4
  1742 | D:3      | Noticed Robin
  1765 | D:3      | Killed Robin
  2088 | D:3      | Noticed Sigmund
  2109 | D:3      | Killed Sigmund
  2110 | D:3      | Reached skill level 5 in Fighting
  2110 | D:3      | Reached skill level 6 in Maces & Flails
  2110 | D:3      | Reached skill level 1 in Shields
  2110 | D:3      | Reached XP level 6. HP: 28/56 MP: 5/5
  2280 | D:3      | Noticed Jessica
  2288 | D:3      | Killed Jessica
  2483 | D:4      | Noticed Natasha
  2490 | D:4      | Killed Natasha
  2519 | D:4      | Reached *** piety under Trog
  2597 | D:4      | Found a glowing golden altar of the Shining One.
  2598 | D:4      | Found an ancient bone altar of Kikubaaqudgha.
  2599 | D:4      | Found a basalt altar of Yredelemnul.
  2612 | D:4      | Noticed Blork the orc
  2626 | D:4      | Killed Blork the orc
  2628 | D:4      | Reached XP level 7. HP: 38/61 MP: 6/6
  3017 | D:4      | Noticed Natasha
  3018 | D:4      | Found a transporter.
  3018 | D:4      | Noticed Gadfly's ghost (novice OnBe)
  3019 | D:4      | Found a transporter.
  3019 | D:4      | Identified the +1 great mace of Ver Oplya {freeze, Int+4}
  3027 | D:4      | Killed Natasha
  3193 | D:4      | Found a shimmering altar of Xom.
  3193 | D:4      | Found an iron altar of Okawaru.
  3257 | D:4      | Noticed Natasha
  3264 | D:4      | Killed Natasha
  3399 | D:5      | Entered Level 5 of the Dungeon
  3399 | D:5      | Noticed Dowan
  3400 | D:5      | Noticed Duvessa
  3417 | D:5      | Killed Duvessa
  3418 | D:5      | Reached skill level 7 in Maces & Flails
  3431 | D:5      | Killed Dowan
  3559 | D:5      | Found a staircase to the Ecumenical Temple.
  3591 | D:5      | Reached skill level 5 in Armour
  3591 | D:5      | Reached XP level 8. HP: 60/70 MP: 7/7
  3928 | D:5      | Found a sparkling altar of Nemelex Xobeh.
  4228 | D:5      | Found Yteih's CLEARANCE SALE!.
  4232 | D:5      | Reached skill level 8 in Maces & Flails
  4232 | D:5      | Reached skill level 1 in Stealth
  4939 | D:6      | Reached skill level 5 in Dodging
  4939 | D:6      | Reached skill level 5 in Shields
  5832 | D:7      | Found Buenur's Profane Products.
  5845 | D:7      | Found an opulent altar of Gozag.
  5981 | D:7      | Reached skill level 9 in Maces & Flails
  5981 | D:7      | Reached XP level 9. HP: 61/78 MP: 8/8
  6072 | D:7      | Found a flagged portal.
  6081 | D:7      | Reached **** piety under Trog
  6106 | Bailey   | Entered a bailey
  6348 | Bailey   | Noticed an orc warlord
  6364 | Bailey   | Mangled by an orc warlord

Illustrated notes

Levels and vault maps discovered:
D:1:      shiori_arrival_oz, layout_rooms, chequers_serial_rivers_room_a
D:2:      layout_basic, amcnicky_mini_rare_corridor_liquid,
          uniq_crazy_yiuf_cottage
D:3:      layout_loops_ring, uniq_sigmund, uniq_robin, uniq_jessica
D:4:      layout_basic, chequers_temple_overflow_statue_of_worship,
          gammafunk_temple_overflow_statue, gammafunk_ghost_smash,
          minmay_splitting_lines, uniq_blork_the_orc, uniq_natasha
D:5:      layout_basic, nemelex_xobeh_ov_fountains_minmay,
          minmay_temple_entry_grid, nicolae_shop_clearance, uniq_duvessa
D:6:      minmay_spotlight, layout_basic
D:7:      wander_river, layout_basic,
          pdpol_temple_overflow_zin_treasury_gozag_greed, enter_bailey_5,
          nicolae_evil_shop, uniq_menkaure
Bailey:   bailey_axe_minmay_hex_keep, bailey

Skill      XL: |  1  2  3  4  5  6  7  8  9 |
---------------+----------------------------+-----
Maces & Flails | 4 5 6 7 9 |  9.9
Fighting       | 4 5 6 7 |  7.2
Armour         | 3 4 5 6 |  6.4
Dodging        | 3 4 5 |  5.8
Shields        | 1 3 5 7 |  7.2
Stealth        | 1 |  1.2
Throwing       | |  0.1

Action                     |  1- 3 |  4- 6 |  7- 9 || total
---------------------------+-------+-------+-------++-------
  Melee: Mace              |    63 |   147 |   294 ||   504
         Headbutt          |     9 |    18 |    71 ||    98
         War axe           |       |       |    13 ||    13
  Throw: Dart              |       |       |     1 ||     1
 Invoke: Berserk           |     1 |     1 |     2 ||     4
    Use: Scroll            |       |       |     4 ||     4
 Armour: Ring mail         |    35 |   111 |   112 ||   258
  Dodge: Dodged            |    45 |    65 |    77 ||   187
  Block: Other             |       |    28 |       ||    28
         Reflection        |       |     4 |     4 ||     8
         Kite shield       |       |    27 |   191 ||   218
